 Dungeon Sprint DCSS version 0.26-a0-651-gb41185065b (webtiles) character file.

Game seed: 8897589035558624962

350 sahdkjhfkaj the Fighter (level 6, -3/56 HPs)
             Began as a Gnoll Abyssal Knight on Oct 1, 2020.
             Was an Elder of Lugonu.
             Slain by Prince Ribbit (11 damage)
             ... in the Dungeon (Sprint VII: "The Pits").
             The game lasted 00:01:15 (436 turns).

sahdkjhfkaj the Fighter (Gnoll Abyssal Knight)       Turns: 436, Time: 00:01:15

Health: -3/56      AC: 13    Str: 16    XL:     6   Next: 61%
Magic:  7/13       EV:  9    Int: 15    God:    Lugonu [****..]
Gold:   0          SH:  0    Dex: 14    Spells: 14/14 levels left

rFire    . . .     SeeInvis .   n - +2 hand axe (vorpal)
rCold    . . .     Faith    .   (no shield)
rNeg     . . .     Spirit   .   i - +3 chain mail
rPois    .         Reflect  .   (no helmet)
rElec    .         Harm     .   (no cloak)
rCorr    .         Rampage  .   (no gloves)
MR       .....     NoTele   +   (no boots)
Stlth    ..........             (no amulet)
HPRegen  0.18/turn              (no ring)
MPRegen  0.13/turn              (no ring)

@: no status effects
A: distributed training, fangs 1, strong nose
a: Bend Space, Banish, Corrupt, Renounce Religion


You were in the Dungeon.
You worshipped Lugonu.
Lugonu was greatly pleased with you.
You visited 1 branch

Inventory:

Hand Weapons
 n - a +2 vorpal hand axe (weapon)
Armour
 i - a +3 chain mail (worn)
Scrolls
 h - a scroll of blinking
 j - 3 scrolls of remove curse
 k - 5 scrolls of amnesia
 l - a scroll of summoning
 m - 2 scrolls of vulnerability
Potions
 a - 2 potions of invisibility
 c - 6 potions of curing
 d - 4 potions of heal wounds
 e - a potion of haste
 f - 4 potions of magic
 g - 3 potions of berserk rage


   Skills:
 + Level 8.1 Fighting
 + Level 4.7 Short Blades
 + Level 4.7 Long Blades
 + Level 6.6 Axes
 + Level 4.7 Maces & Flails
 + Level 4.7 Polearms
 + Level 4.7 Staves
 + Level 4.7 Slings
 + Level 4.7 Bows
 + Level 4.7 Crossbows
 + Level 4.7 Throwing
 + Level 6.6 Armour
 + Level 5.4 Dodging
 + Level 4.7 Stealth
 + Level 4.7 Shields
 + Level 4.7 Unarmed Combat
 + Level 4.7 Spellcasting
 + Level 3.9 Conjurations
 + Level 3.9 Hexes
 + Level 3.9 Summonings
 + Level 3.9 Necromancy
 + Level 3.9 Translocations
 + Level 3.9 Transmutations
 + Level 3.9 Fire Magic
 + Level 3.9 Ice Magic
 + Level 3.9 Air Magic
 + Level 3.9 Earth Magic
 + Level 3.9 Poison Magic
 + Level 7.0 Invocations
 + Level 4.7 Evocations


You had 14 spell levels left.
You didn't know any spells.
Your spell library was empty.

Dungeon Overview and Level Annotations

Branches:
Dungeon (1/1)

Altars:
Ashenzari
Cheibriados
Dithmenos
Elyvilon
Fedhas
Gozag
Hepliaklqana
Kikubaaqudgha
Makhleb
Nemelex Xobeh
Okawaru
Qazlal
Ru
Sif Muna
Trog
Uskayaw
Vehumet
Wu Jian
Xom
Yredelemnul
Zin
The Shining One
Beogh
Jiyva
Lugonu

Annotations:
D Prince Ribbit


Innate Abilities, Weirdness & Mutations

Your experience applies equally to all skills.
You have very sharp teeth.
Your uncanny sense of smell can sniff out nearby items.


Message History

You kill the kobold!
Lugonu accepts your kill.
You hit Prince Ribbit.
Prince Ribbit is lightly wounded.
Prince Ribbit hits you but does no damage. x2
You hit Prince Ribbit.
Prince Ribbit is moderately wounded.
Prince Ribbit blinks!
You slash the worm!
The worm is heavily wounded.
The worm bites you but does no damage.
You slash the worm!
You kill the worm!
Lugonu accepts your kill.
There is an open door, spattered with blood here.
Items here: ( )))) [ ††.
You hit Prince Ribbit. You punch Prince Ribbit!
Prince Ribbit is heavily wounded.
Prince Ribbit hits you!
You die...

#.#[[#.....##.....
#.#))#####'#####'#
#.#))#...).##.....
#.#))#.....##.....
#.#..###)####.....
#.##'#.....##...<.
#.#........##.....
#.#........##.....
#@###########.....
#F......# ######
#.###...# #.# .#
∆∆ #.# ∆∆ #.. ∆∆
#.. #..


You could see Prince Ribbit.

Vanquished Creatures
  A fire bat (D)
  An ice beast (D)
  2 orc priests (D)
  An adder (D)
  An adder skeleton (D)
  A worm (D)
  3 orcs (D)
  A bat zombie (D)
  2 kobolds (D)
  A bat (D)
  A frilled lizard (D)
15 creatures vanquished.

Notes
Turn   | Place    | Note
-------+----------+-------------------------------------------
     0 | D        | sahdkjhfkaj the Gnoll Abyssal Knight began the quest for
                  | the Orb.
     0 | D        | Reached XP level 1. HP: 23/23 MP: 3/3
    17 | D        | Found a bloodstained altar of Trog.
    17 | D        | Found a shimmering blue altar of Sif Muna.
    17 | D        | Found a viscous altar of Jiyva.
    17 | D        | Found a hazy altar of Hepliaklqana.
    17 | D        | Found an opulent altar of Gozag.
    18 | D        | Found a glowing golden altar of the Shining One.
    18 | D        | Found a glowing silver altar of Zin.
    18 | D        | Found a basalt altar of Yredelemnul.
    18 | D        | Found a shimmering altar of Xom.
    18 | D        | Found an ornate altar of the Wu Jian Council.
    18 | D        | Found a sacrificial altar of Ru.
    18 | D        | Found a stormy altar of Qazlal.
    18 | D        | Found an iron altar of Okawaru.
    18 | D        | Found a sparkling altar of Nemelex Xobeh.
    18 | D        | Found a burning altar of Makhleb.
    18 | D        | Found a blossoming altar of Fedhas.
    18 | D        | Found a white marble altar of Elyvilon.
    18 | D        | Found a shadowy altar of Dithmenos.
    18 | D        | Found a snail-covered altar of Cheibriados.
    19 | D        | Found a radiant altar of Vehumet.
    19 | D        | Found a corrupted altar of Lugonu.
    19 | D        | Found a roughly hewn altar of Beogh.
    20 | D        | Found a hide-covered altar of Uskayaw.
    20 | D        | Found an ancient bone altar of Kikubaaqudgha.
    20 | D        | Found a broken altar of Ashenzari.
    56 | D        | Reached ** piety under Lugonu
    61 | D        | Reached skill level 1 in Short Blades
    61 | D        | Reached skill level 1 in Long Blades
    61 | D        | Reached skill level 1 in Maces & Flails
    61 | D        | Reached skill level 1 in Polearms
    61 | D        | Reached skill level 1 in Staves
    61 | D        | Reached skill level 1 in Slings
    61 | D        | Reached skill level 1 in Bows
    61 | D        | Reached skill level 1 in Crossbows
    61 | D        | Reached skill level 1 in Throwing
    61 | D        | Reached skill level 1 in Stealth
    61 | D        | Reached skill level 1 in Shields
    61 | D        | Reached skill level 1 in Unarmed Combat
    61 | D        | Reached skill level 1 in Spellcasting
    61 | D        | Reached skill level 1 in Conjurations
    61 | D        | Reached skill level 1 in Hexes
    61 | D        | Reached skill level 1 in Summonings
    61 | D        | Reached skill level 1 in Necromancy
    61 | D        | Reached skill level 1 in Translocations
    61 | D        | Reached skill level 1 in Transmutations
    61 | D        | Reached skill level 1 in Fire Magic
    61 | D        | Reached skill level 1 in Ice Magic
    61 | D        | Reached skill level 1 in Air Magic
    61 | D        | Reached skill level 1 in Earth Magic
    61 | D        | Reached skill level 1 in Poison Magic
    61 | D        | Reached skill level 1 in Evocations
    61 | D        | Reached XP level 2. HP: 18/29 MP: 5/5
   232 | D        | Noticed a crimson imp
   240 | D        | Reached *** piety under Lugonu
   262 | D        | Banished a crimson imp
   262 | D        | Reached skill level 7 in Fighting
   262 | D        | Reached skill level 5 in Axes
   262 | D        | Reached skill level 5 in Armour
   262 | D        | Reached skill level 5 in Invocations
   262 | D        | Reached XP level 3. HP: 21/36 MP: 6/6
   390 | D        | Noticed a fire bat
   390 | D        | Noticed Prince Ribbit
   391 | D        | Noticed an ice beast
   405 | D        | Killed a fire bat
   405 | D        | Reached XP level 4. HP: 5/44 MP: 3/9
   405 | D        | Reached XP level 5. HP: 6/49 MP: 3/10
   411 | D        | Reached XP level 6. HP: 19/56 MP: 3/12
   414 | D        | Reached **** piety under Lugonu
   414 | D        | Reached skill level 5 in Dodging
   426 | D        | Killed an ice beast
   426 | D        | Reached skill level 8 in Fighting
   436 | D        | Slain by Prince Ribbit

Illustrated notes

Levels and vault maps discovered:
D:        pitsprint [storerooms_1, entrance_room_1, metal_vault_2, armoury_3,
          mini_pit_1, grid_room_1, main_hall_1, silver_pit, the_coven_3,
          the_vestibule_1, steel_vault_5, golden_pit, hallway_of_sentries,
          crystal_vault_6, iron_vault_5, final_vault]

Skill      XL: |  1  2  3  4  5  6 |
---------------+-------------------+-----
Short Blades   | 1 2 3 4 |  4.7
Long Blades    | 1 2 3 4 |  4.7
Maces & Flails | 1 2 3 4 |  4.7
Polearms       | 1 2 3 4 |  4.7
Staves         | 1 2 3 4 |  4.7
Slings         | 1 2 3 4 |  4.7
Bows           | 1 2 3 4 |  4.7
Crossbows      | 1 2 3 4 |  4.7
Throwing       | 1 2 3 4 |  4.7
Stealth        | 1 2 3 4 |  4.7
Shields        | 1 2 3 4 |  4.7
Unarmed Combat | 1 2 3 4 |  4.7
Spellcasting   | 1 2 3 4 |  4.7
Conjurations   | 1 3 |  3.9
Hexes          | 1 3 |  3.9
Summonings     | 1 3 |  3.9
Necromancy     | 1 3 |  3.9
Translocations | 1 3 |  3.9
Transmutations | 1 3 |  3.9
Fire Magic     | 1 3 |  3.9
Ice Magic      | 1 3 |  3.9
Air Magic      | 1 3 |  3.9
Earth Magic    | 1 3 |  3.9
Poison Magic   | 1 3 |  3.9
Evocations     | 1 2 3 4 |  4.7
Dodging        | 3 4 5 |  5.4
Fighting       | 7 8 |  8.1
Axes           | 5 6 |  6.6
Armour         | 5 6 |  6.6
Invocations    | 5 6 7 |  7.0

Action                   |  1- 3 |  4- 6 || total
-------------------------+-------+-------++-------
Melee: Hand axe          |    47 |    28 ||    75
       Bite              |     3 |     1 ||     4
       Punch             |       |     3 ||     3
Invok: Banish            |     2 |       ||     2
  Use: Potion            |     1 |     1 ||     2
 Stab: Sleeping          |     2 |       ||     2
Armor: Leather armour    |     8 |       ||     8
       Chain mail        |    11 |    12 ||    23
Dodge: Dodged            |    32 |     4 ||    36

Table legend: (Time is in decaauts)
 A = Elapsed time spent in this place.
 B = Non-inter-level travel time spent in this place.
 C = Inter-level travel time spent in this place.
 D = Time resting spent in this place.
 E = Time spent auto-exploring this place.
 F = Levels seen in this place.
 G = Mean time per level.
                   A        B        C        D        E       F      G
               +--------+--------+--------+--------+--------+-----+--------+
         Total |    437 |    415 |     22 |    217 |      0 |   1 |  437.0 |
       Dungeon |    437 |    415 |     22 |    217 |      0 |   1 |  437.0 |
               +--------+--------+--------+--------+--------+-----+--------+

Top non-repeatable levels by time:
       D: 437 daAuts
